 Dungeon Crawl Stone Soup version 0.31-a0-256-g80acddb972 (webtiles) character file.

Game seed: 16796111716222012575

98 qw the Shooter (level 4, -4/26 HPs)
             Began as a Gargoyle Hexslinger on July 12, 2023.
             Slain by Sigmund
             ... wielding a +1 heavy scythe
              (14 damage)
             ... on level 4 of the Dungeon.
             The game lasted 00:01:08 (2845 turns).

qw the Shooter (Gargoyle Hexslinger)                Turns: 2845, Time: 00:01:09

Health: -4/26      AC: 11    Str: 12    XL:     4   Next: 71%
Magic:  5/5        EV: 10    Int: 13    God:
Gold:   30         SH:  0    Dex: 14    Spells: 4/5 levels left

rFire   . . .        Y - +2 sling
rCold   . . .        (no shield)
rNeg    + . .        b - +0 ring mail
rPois   inf          (helmet restricted)
rElec   +            a - +0 cloak
rCorr   +            e - +0 pair of gloves
SInv    .            h - +0 pair of boots
Will    .....        (no amulet)
Stlth   +            n - ring of resist corrosion
HPRegen 0.24/turn    (no ring)
MPRegen 0.09/turn

%: no passive effects
@: confused, flying
A: sickness immunity, AC +3, negative energy resistance 1, electricity
resistance, torment resistance 1, petrification resistance, antennae 1, big
wings, hooves 1, camouflage 1
a: no special abilities


You were on level 4 of the Dungeon.
You visited 1 branch of the dungeon, and saw 4 of its levels.

You collected 133 gold pieces.
You spent 103 gold pieces at shops.


Innate Abilities, Weirdness & Mutations

You are immune to sickness and miasma.
Your stone body is resilient. (AC +3)
You are immune to poison.
You resist negative energy. (rN+)
You are resistant to electric shocks. (rElec)
You are resistant to unholy torment.
You are immune to petrification.
You have a pair of small antennae on your head.
Your large and strong wings let you fly.
You have large cloven feet.
Your skin changes colour to match your surroundings (Stealth+).


   Skills:
 - Level 2.0 Fighting
 + Level 4.2 Ranged Weapons
 - Level 1.0 Armour
 - Level 1.5 Dodging
 - Level 1.0 Spellcasting
 - Level 2.6 Hexes


You had 4 spell levels left.
You knew the following spells:

 Your Spells              Type           Power      Damage    Failure   Level
a - Slow                  Hex            28%        N/A       22%         1

Your spell library contained the following spells:

 Spells                   Type           Power      Damage    Failure   Level
 Inner Flame              Hex/Fire       4%         N/A       73%         3
 Portal Projectile        Hex/Tloc       8%         N/A       73%         3
 Cause Fear               Hex            3%         N/A       91%         4

Inventory:

Hand Weapons
 Y - a +2 sling (weapon)
Armour
 a - a +0 cloak (worn)
 b - a +0 ring mail (worn)
 e - a +0 pair of gloves (worn)
 h - a +0 pair of boots (worn)
Jewellery
 g - a ring of resist corrosion
 n - a ring of resist corrosion (left hand)
Scrolls
 d - a scroll of teleportation
 l - a scroll of identify
Potions
 c - a potion of heal wounds
 f - a potion of cancellation
 m - a potion of might {unknown}

Dungeon Overview and Level Annotations

Branches:
Dungeon (4/15)
 Temple: D:4-7

Altars:

Shops:
D:3 [

Annotations:
D:3 2 transporters, qw's ghost, amateur MiHs
D:4 Sigmund


Message History

Sigmund casts a spell at you. The magic dart hits you.
You shoot a sling bullet. The sling bullet barely misses Sigmund.
Sigmund gestures at you while chanting.
You are confused.
2832 ||| DRINKING potion of curing.
You feel better.
2832 ||| (to cure confusion) Sigmund barely misses you.
You shoot a sling bullet.
The sling bullet closely misses Sigmund.
You shoot a sling bullet. The sling bullet barely misses Sigmund.
Sigmund hits you from afar with a +1 heavy scythe!!
Ouch! That really hurt!
2835 ||| DROPPING +6 ring of intelligence.
You drop a +6 ring of intelligence.
You start resting.
Sigmund is nearby!
2838 ||| FLEEEEING.
2839 ||| FLEEEEING.
You shoot a sling bullet.
The sling bullet closely misses Sigmund.
A scorpion comes into view.
You shoot a sling bullet. The sling bullet hits Sigmund.
Sigmund is lightly wounded.
Sigmund barely misses you.
You shoot a sling bullet. The sling bullet hits Sigmund.
Sigmund is lightly wounded.
The scorpion closely misses you. Sigmund barely misses you.
You shoot a sling bullet. The sling bullet hits the scorpion.
The scorpion is moderately wounded.
The scorpion stings you but does no damage. x2
You shoot a sling bullet.
The sling bullet closely misses the scorpion.
The scorpion stings you but does no damage.
Sigmund casts a spell at you.
You are confused.
The scorpion stings you but does no damage.
Sigmund hits you from afar with a +1 heavy scythe!
Ouch! That really hurt!
You die...

####+#### #¤¤¤.¤¤~#
#¤¤...¤¤# #~..}..¤###
+.¤.....'.## #
#~..}.¤¤#..#######.#
#¤.¤..¤~##.#.......#
#~¤~¤~¤~#......s######.
####'####.....@........
#..##...#.##.#######
##.##...#....@..#
#......####=##.#
#.###..####.......#
#............@....#
#......####.......#
#.###..# #.......#
#.###.[# #.......#


You could see Sigmund and a scorpion.

Vanquished Creatures
  3 adders
  2 dart slugs (D:3)
  An orc (D:3)
  7 endoplasms
  8 hobgoblins
  3 jackals (D:1)
  2 quokkas (D:1)
  7 ball pythons
  4 bats
  5 frilled lizards
  6 goblins
  6 kobolds
  10 rats
64 creatures vanquished.

Notes
Turn   | Place    | Note
-------+----------+-------------------------------------------
     0 | D:1      | qw the Gargoyle Hexslinger began the quest for the Orb.
     0 | D:1      | Reached XP level 1. HP: 12/12 MP: 2/2
     0 | D:1      | 0 ||| qw: Version: 0.3-a-52-g30416fa
     0 | D:1      | 0 ||| qw: Game counter: 6766
     0 | D:1      | 0 ||| qw: Melee chars always use a shield: true
     0 | D:1      | 0 ||| qw: God list: Okawaru
     0 | D:1      | 0 ||| qw: Allow faded altars: false
     0 | D:1      | 0 ||| qw: Do Orc after clearing Dungeon:15 true
     0 | D:1      | 0 ||| qw: Do second Lair branch before Depths: true
     0 | D:1      | 0 ||| qw: Lair rune preference: random
     0 | D:1      | 0 ||| qw: Goals: Normal
     0 | D:1      | 0 ||| PLANNING D:1-11
    18 | D:1      | Reached XP level 2. HP: 15/16 MP: 3/3
    94 | D:1      | Reached skill level 3 in Ranged Weapons
   215 | D:1      | Reached XP level 3. HP: 21/21 MP: 4/4
  1021 | D:1      | 1021 ||| UPGRADING to +0 pair of gloves.
  1026 | D:1      | 1026 ||| UPGRADING to ring of resist corrosion.
  1027 | D:1      | 1027 ||| READING scroll labelled OKHIKESIWN.
  1028 | D:1      | 1028 ||| READING scroll labelled BEW BYUFAQETH.
  1032 | D:1      | 1032 ||| READING scroll labelled UTTYQA RINLUS.
  1048 | D:1      | 1048 ||| READING 2 scrolls labelled YREUVV CEBROCHI.
  1049 | D:1      | 1049 ||| DRINKING 2 inky potions.
  1049 | D:1      | Gained mutation: Your large and strong wings let you fly.
                  | [potion of mutation]
  1049 | D:1      | Gained mutation: You occasionally lose the ability to read
                  | scrolls when taking damage. [potion of mutation]
  1049 | D:1      | Gained mutation: Your flesh is cold resistant. (rC+)
                  | [potion of mutation]
  1050 | D:1      | 1050 ||| DRINKING potion of mutation.
  1050 | D:1      | Lost mutation: You occasionally lose the ability to read
                  | scrolls when taking damage. [potion of mutation]
  1050 | D:1      | Lost mutation: Your flesh is cold resistant. (rC+) [potion
                  | of mutation]
  1050 | D:1      | Gained mutation: Your skin changes colour to match your
                  | surroundings (Stealth+). [potion of mutation]
  1050 | D:1      | Gained mutation: You have large cloven feet. [potion of
                  | mutation]
  1050 | D:1      | Gained mutation: You have a pair of small antennae on your
                  | head. [potion of mutation]
  1051 | D:1      | 1051 ||| DROPPING scroll of poison.
  1516 | D:2      | Reached skill level 4 in Ranged Weapons
  1516 | D:2      | Reached XP level 4. HP: 26/26 MP: 5/5
  1867 | D:2      | 1867 ||| UPGRADING to +0 ring mail.
  1877 | D:2      | 1877 ||| DROPPING +0 robe.
  1878 | D:2      | 1878 ||| READING scroll labelled DUPOIGYKAU.
  1879 | D:2      | 1879 ||| DRINKING 2 fuming clear potions.
  1880 | D:2      | 1880 ||| READING 6 scrolls of identify.
  1880 | D:2      | 1880 ||| IDENTIFYING bubbling black potion
  1881 | D:2      | 1881 ||| READING 5 scrolls of identify.
  1881 | D:2      | 1881 ||| IDENTIFYING murky amethyst potion
  1882 | D:2      | 1882 ||| READING 4 scrolls of identify.
  1882 | D:2      | 1882 ||| IDENTIFYING ruby potion
  1883 | D:2      | 1883 ||| READING 3 scrolls of identify.
  1883 | D:2      | 1883 ||| IDENTIFYING smoky golden potion
  1884 | D:2      | 1884 ||| READING 2 scrolls of identify.
  1884 | D:2      | 1884 ||| IDENTIFYING coppery potion
  1885 | D:2      | 1885 ||| DROPPING potion of berserk rage.
  1886 | D:2      | 1886 ||| DROPPING potion of attraction.
  1887 | D:2      | 1887 ||| DROPPING potion of lignification.
  1888 | D:2      | 1888 ||| DROPPING potion of brilliance.
  1978 | D:3      | Noticed qw's ghost (amateur MiHs)
  1981 | D:3      | Found a transporter.
  1995 | D:3      | Identified the +9 dagger "Kinaq" {flame, rC+ SInv}
  2088 | D:3      | Found a transporter.
  2206 | D:3      | Reached skill level 1 in Armour
  2499 | D:3      | Found Rioxkel's Antique Armour Shoppe.
  2504 | D:3      | 2504 ||| SHOPLISTING glowing hat (161 gold, have 122).
  2504 | D:3      | 2504 ||| BUYING pair of boots (103 gold).
  2504 | D:3      | Bought a pair of boots for 103 gold pieces
  2691 | D:3      | 2691 ||| UPGRADING to +0 cloak.
  2696 | D:3      | 2696 ||| UPGRADING to +0 pair of boots.
  2701 | D:3      | 2701 ||| READING scroll labelled BORAOSM RIDDYI.
  2702 | D:3      | 2702 ||| READING 2 scrolls of identify.
  2702 | D:3      | 2702 ||| IDENTIFYING yellow potion
  2826 | D:4      | Noticed Sigmund
  2832 | D:4      | 2832 ||| DRINKING potion of curing.
  2832 | D:4      | 2832 ||| (to cure confusion)
  2835 | D:4      | 2835 ||| DROPPING +6 ring of intelligence.
  2838 | D:4      | 2838 ||| FLEEEEING.
  2839 | D:4      | 2839 ||| FLEEEEING.
  2840 | D:4      | Noticed a scorpion
  2845 | D:4      | Slain by Sigmund

Levels and vault maps discovered:
D:1:      minmay_arrival_diagonal_passages, layout_basic
D:2:      layout_loops_corners, minmay_vboxes
D:3:      layout_loops_corners, serial_shops, shop, gammafunk_ghost_arena,
          minivault_19, wad_rectangle_vault
D:4:      layout_loops_cross, mainiacjoe_overflow_cross_hatched,
          kennysheep_generic_room_11, uniq_sigmund

Skill      XL: |  1  2  3  4 |
---------------+-------------+-----
Ranged Weapons | 3 4 |  4.2
Fighting       | 2 |  2.0
Armour         | 1 |  1.0
Dodging        | |  1.5
Spellcasting   | |  1.0
Hexes          | |  2.6

Action                     |  1- 3 |  4- 6 || total
---------------------------+-------+-------++-------
   Fire: Sling             |   149 |    83 ||   232
    Use: Scroll            |     4 |     8 ||    12
         Potion            |     2 |     2 ||     4
 Armour: Robe              |    30 |       ||    30
         Ring mail         |       |    29 ||    29
  Dodge: Dodged            |    51 |    22 ||    73

Table legend:
 A = Non-vault XP
 B = Vault XP
 C = Vault XP percentage of total XP
 D = Non-vault monster count
 E = Vault monster count
 F = Vault count percentage of total count
                 A         B        C        D         E       F
            +---------+---------+-------+---------+---------+-------
      Total |     111 |      30 |  21.3 |      53 |      11 |  17.2
            +---------+---------+-------+---------+---------+-------
        D:1 |      55 |       0 |   0.0 |      35 |       0 |   0.0
        D:2 |      37 |       7 |  15.9 |       9 |       4 |  30.8
        D:3 |      19 |       9 |  32.1 |       9 |       6 |  40.0
        D:4 |       0 |      14 | 100.0 |       0 |       1 | 100.0
            +---------+---------+-------+---------+---------+-------
